[Event "*** Titled Tuesday Blitz"]
[Site "Chess.com"]
[Date "2020.11.03"]
[Round "8"]
[White "Grandelicious"]
[Black "AquivaRubinstein"]
[Result "1-0"]
[WhiteElo "2790"]
[BlackElo "2545"]
[TimeControl "180+1"]
[EndTime "11:32:05 PST"]
[Termination "Grandelicious won on time"]

1. Nf3 Nf6 2. g3 g6 3. b3 Bg7 4. Bb2 O-O 5. Bg2 c5 6. O-O Nc6 7.
e3 d6 8. d4 cxd4 9. exd4 d5 10. Nbd2 Bf5 11. Ne5 Rc8 12. c4 dxc4 13. Nxc6 bxc6 14.
bxc4 Qb6 15. Nb3 Rfd8 16. Qe2 Qa6 17. Nc5 Qb6 18. h3 h5 19. Bc3 Rb8 20. Qxe7 Nd7 21. Nb3 Qa6 22. Rfc1 Re8 23. Qd6 Qxc4 24. Na5 Qd3 25.
Nxc6 Rb6 26. Ba5 Ra6 27. Bf1 Qe4 28. Re1 Rxc6 29. Rxe4 Rxd6 30. Rxe8+ Kh7 31. Rd1 Rxd4 32. Rxd4 Bxd4 33. Bd2 Kg7 34. Be3 Bf6 35. Bxa7 Ne5 36. Bg2 1-0

[Event "*** Titled Tuesday Blitz"]
[Site "Chess.com"]
[Date "2020.11.03"]
[Round "8"]
[White "glebus008"]
[Black "Tashik"]
[Result "0-1"]
[WhiteElo "2314"]
[BlackElo "2494"]
[TimeControl "180+1"]
[EndTime "11:32:05 PST"]
[Termination "Tashik won by resignation"]

1. e4 e5 2. Nf3 Nc6 3. d4 exd4 4. Bc4 Nf6 5. O-O Nxe4 6. Nc3 d5 7. Nxd5 Be6 8. Re1 Bxd5 9. Bxd5 Qxd5 10. Ng5 O-O-O 11.
Nxe4 Bb4 12. Bd2 Rhe8 13. Bxb4 Rxe4 14. Rxe4 Qxe4 15. a3 d3 16. cxd3 Rxd3 17. Qh5 Qg6 18. Qc5 b6 19. Qf8+ Kb7 20. Qe8 Qe6 21. Qxe6 fxe6 22.
Bc3 e5 23. Re1 Rd5 24. Kf1 g6 25. Ke2 a5 26. f3 b5 27. Rd1 Rxd1 28. Kxd1 b4 29.
Be1 Kb6 30. Ke2 Kb5 31. axb4 axb4 32. Kd3 Na5 33. g4 Nc4 34. b3 Na5 35. Kc2 c5 36. h4 c4 37. bxc4+ Kxc4 38. h5 Nc6 39. hxg6 hxg6 40.
Bg3 Nd4+ 41. Kb2 Nxf3 42. Kc2 e4 43. Kb2 e3 44. Kc2 e2 45. Bf2 e1=Q 46. Bxe1 Nxe1+ 47. Kb2 Nd3+ 0-1

[Event "*** Titled Tuesday Blitz"]
[Site "Chess.com"]
[Date "2020.11.03"]
[Round "8"]
[White "Happy1712Drummer"]
[Black "Chamal_Gedgafov"]
[Result "0-1"]
[WhiteElo "2167"]
[BlackElo "2125"]
[TimeControl "180+1"]
[EndTime "11:32:05 PST"]
[Termination "Chamal_Gedgafov won on time"]

1. f4 d5 2. Nf3 c5 3. g3 Nc6 4.
Bg2 Bg4 5. O-O e6 6. d3 Nf6 7. Nc3 Qc7 8. e4 dxe4 9. dxe4 Be7 10. Qe2 a6 11. Qf2 Bxf3 12. Bxf3 Nd4 13. Bg2 O-O 14. h3 Rfd8 15. Be3 Rac8 16. e5 Nd5 17. Nxd5 exd5 18. c3 Nf5 19. Bd2 d4 20. c4 b5 21. b3 bxc4 22. bxc4 Rb8 23. Rab1 Rxb1 24. Rxb1 Rb8 25. Rxb8+ Qxb8 26. g4 Nh4 27. Bd5 Qb2 28.
f5 d3 29. f6 gxf6 30. e6 fxe6 31. Bxe6+ Kg7 32. Qe3 Qxd2 33. Qxd2 Nf3+ 34. Kg2 Nxd2 35.
Kf2 Ne4+ 36. Ke3 d2 0-1

[Event "*** Titled Tuesday Blitz"]
[Site "Chess.com"]
[Date "2020.11.03"]
[Round "8"]
[White "RaunakSadhwani2005"]
[Black "KuzubovYuriy"]
[Result "1-0"]
[WhiteElo "2975"]
[BlackElo "2840"]
[TimeControl "180+1"]
[EndTime "11:32:07 PST"]
[Termination "RaunakSadhwani2005 won on time"]

1. c4 e5 2. Nc3 Bb4 3. Nd5 Bc5 4.
e3 Nf6 5. Nf3 Nxd5 6. cxd5 d6 7.
d4 Bb4+ 8. Bd2 Bxd2+ 9. Qxd2 e4 10.
Ng1 Nd7 11. Ne2 Nf6 12. Nc3 O-O 13. Be2 Bf5 14. Rg1 h5 15. h3 h4 16. g4 Bg6 17. O-O-O Nh7 18. f4 exf3 19. Bxf3 Ng5 20. Bg2 Re8 21. Qf2 Be4 22. Bf1 c6 23. dxc6 bxc6 24. Qxh4 Qa5 25. Qf2 Bd5 26. Bd3 Rab8 27. Qf5 f6 28. e4 Qb4 29. Rg2 Bf7 30. h4 Ne6 31. e5 dxe5 32. Qh7+ Kf8 33. dxe5 Nf4 34.
exf6 gxf6 35. Qh6+ Ke7 36. Rf2 Nxd3+ 37. Rxd3 1-0

[Event "*** Titled Tuesday Blitz"]
[Site "Chess.com"]
[Date "2020.11.03"]
[Round "8"]
[White "PavlovDanila"]
[Black "vugarrasulov"]
[Result "0-1"]
[WhiteElo "2682"]
[BlackElo "2858"]
[TimeControl "180+1"]
[EndTime "11:32:07 PST"]
[Termination "vugarrasulov won by checkmate"]

1. e4 b6 2. d4 Bb7 3. Nc3 e6 4. f3 d5 5. e5 c5 6. f4 cxd4 7. Nb5 Nc6 8. Nf3 Bc5 9. Nbxd4 Nxd4 10. Nxd4 Ne7 11. c3 O-O 12. Bd3 Bxd4 13. cxd4 Nc6 14. Be3 Nb4 15. Bb1 Qh4+ 16. g3 Qh3 17. Qd2 a5 18. a3 Nc6 19. Bc2 Rfc8 20. Bd1 a4 21. Rc1 Na5 22. Rxc8+ Rxc8 23. Qf2 Nc4 24. Ke2 Nxb2 25. Kf3 Nxd1 26. Rxd1 Ba6 27. Rc1 Rxc1 28.
Bxc1 h5 29. Bd2 Bd3 30. Bb4 Qg4+ 31. Ke3 Be4 32. Qe2 Qh3 33. Be1 Kh7 34. Kd2 Kg6 35. Kc3 Qf5 36. Kb4 Bd3 37. Qe3 Bc4 38. Qc1 Qd3 39. Bc3 Bb3 40. Bb2 Qe2 41. h3 Bc2 42.
Kc3 Qd3+ 43. Kb4 Qb3# 0-1

[Event "*** Titled Tuesday Blitz"]
[Site "Chess.com"]
[Date "2020.11.03"]
[Round "8"]
[White "IwkooO"]
[Black "Chessdreamer2020"]
[Result "1-0"]
[WhiteElo "2650"]
[BlackElo "2509"]
[TimeControl "180+1"]
[EndTime "11:32:07 PST"]
[Termination "IwkooO won by resignation"]

1. e4 d6 2. d4 Nf6 3. Nc3 e5 4. Nf3 Nbd7 5. Bc4 Be7 6. O-O O-O 7. a4 c6 8. Re1 b6 9. Bg5 a6 10. d5 cxd5 11. Bxf6 Nxf6 12. Bxd5 Nxd5 13. Nxd5 Bb7 14.
Qd3 Rc8 15. c4 Rc5 16. b4 Rc8 17. Red1 Bxd5 18. Qxd5 Qc7 19. Rac1 a5 20. bxa5 bxa5 21. c5 dxc5 22. Qxe5 Qxe5 23. Nxe5 Bf6 24. Nc4 Ra8 25. e5 Be7 26. Rd7 Rfe8 27. f4 g6 28. Rb1 Kf8 29.
Rbb7 h5 30. Kf2 h4 31. Kf3 Ra6 32. Nd6 Bxd6 33. Rxf7+ Kg8 34. Rg7+ Kh8 35. Rh7+ Kg8 36. Rbg7+ Kf8 37. Rxg6 c4 38. Rxd6 Rxd6 39. exd6 Rd8 40.
Rh8+ Kf7 41. Rxd8 Ke6 42. Rc8 Kxd6 43. Rxc4 Kd5 44. Re4 Kd6 45. Re5 1-0

[Event "*** Titled Tuesday Blitz"]
[Site "Chess.com"]
[Date "2020.11.03"]
[Round "8"]
[White "CM_rui"]
[Black "JosefineHeinemann"]
[Result "0-1"]
[WhiteElo "2406"]
[BlackElo "2610"]
[TimeControl "180+1"]
[EndTime "11:32:07 PST"]
[Termination "JosefineHeinemann won by checkmate"]

1. e4 c5 2. Nf3 d6 3. c4 Nc6 4. d4 cxd4 5. Nxd4 g6 6. Nc3 Bg7 7. Be3 Nf6 8. Be2 O-O 9. O-O a6 10. Rc1 Qa5 11. f3 Nxd4 12. Bxd4 Be6 13. Kh1 Nd7 14. Bxg7 Kxg7 15. Qd4+ Qe5 16. Qd2 Rac8 17. b3 Qa5 18. f4 f6 19. f5 Bf7 20. Qf4 Ne5 21. h4 b5 22. g4 bxc4 23. g5 cxb3 24. fxg6 Bxg6 25. Nd5 Rxc1 26. Rxc1 b2 27. Rf1 Qd8 28.
gxf6+ exf6 29. h5 Rf7 30. hxg6 hxg6 31. Bxa6 f5 32. Qg3 fxe4 33. Rxf7+ Kxf7 34. Qf2+ Nf3 35. Nc3 Qh8+ 36. Kg2 Qxc3 37. Bb7 b1=Q 38. Bd5+ Kg7 39. Qg3 Qg1+ 40. Kh3 Qxg3+ 41. Kxg3 Ne5+ 42. Kf4 Qf3+ 43. Kg5 Qf5+ 44. Kh4 Qg4# 0-1

[Event "*** Titled Tuesday Blitz"]
[Site "Chess.com"]
[Date "2020.11.03"]
[Round "8"]
[White "Walter_White_Poland"]
[Black "xberli"]
[Result "0-1"]
[WhiteElo "2354"]
[BlackElo "2532"]
[TimeControl "180+1"]
[EndTime "11:32:07 PST"]
[Termination "xberli won on time"]

1. e4 c5 2. Nf3 d6 3. d4 cxd4 4. Nxd4 Nf6 5. Nc3 a6 6. Bg5 Nbd7 7. f4 Qb6 8. Qd2 e5 9. Nb3 Be7 10. O-O-O O-O 11. Bc4 h6 12. h4 Re8 13. f5 Qc7 14. Bd5 Nb6 15. Bxf6 Bxf6 16. g4 Qd8 17. g5 hxg5 18. Rdg1 gxh4 19. Qh6 Kf8 20. Qh5 Be6 21. fxe6 fxe6 22. Qh8+ Kf7 23. Qh5+ Kg8 24. Bxb7 Rb8 25. Bc6 Rf8 26. Qg6 Qe7 27. Rg4 Qf7 28. Qxg7+ Qxg7 29. Rxg7+ Kxg7 30. Rg1+ Kh6 31. Ne2 Bg5+ 32. Kd1 Rf2 33.
Nd2 Rbf8 0-1

[Event "*** Titled Tuesday Blitz"]
[Site "Chess.com"]
[Date "2020.11.03"]
[Round "8"]
[White "karwowskikacper"]
[Black "ShcufNaiRolf"]
[Result "1-0"]
[WhiteElo "2462"]
[BlackElo "2346"]
[TimeControl "180+1"]
[EndTime "11:32:07 PST"]
[Termination "karwowskikacper won on time"]

1. e4 e5 2. Nf3 Nc6 3. d4 exd4 4.
Nxd4 Nf6 5. Nc3 Bb4 6. Nxc6 bxc6 7.
Bd3 d5 8. exd5 O-O 9. O-O Bg4 10. f3 Bh5 11. dxc6 Qd4+ 12. Kh1 Bxc3 13. bxc3 Qxc3 14. Bf4 Qxc6 15. Qd2 Rad8 16. Qa5 Qb6 17. Bxc7 Qxa5 18. Bxa5 Rc8 19. Rfe1 Bg6 20. Bb4 Rfd8 21. Be7 Rd7 22. Rad1 Bxd3 23. cxd3 Nd5 24. Bh4 f6 25. Rd2 Nb4 26.
d4 Rc2 27. Rxc2 Nxc2 28. Rd1 Rxd4 29. Rxd4 Nxd4 30. Bf2 Nc6 31. Bc5 Kf7 32. Kg1 Ke6 33. Kf2 Kd5 34. Bf8 g6 35. g4 Kd4 36. Bg7 Ke5 37. g5 Ke6 38. Bxf6 a5 39. a4 Nb4 40.
Bc3 Nd5 41. Bxa5 Kf5 42. h4 Nf4 43. Bd8 Nd3+ 44. Ke3 Nb2 45. a5 Nc4+ 46. Ke2 Kf4 47. Bc7+ 1-0

[Event "*** Titled Tuesday Blitz"]
[Site "Chess.com"]
[Date "2020.11.03"]
[Round "8"]
[White "cstevens1"]
[Black "BogdanDeac"]
[Result "0-1"]
[WhiteElo "2701"]
[BlackElo "2874"]
[TimeControl "180+1"]
[EndTime "11:32:08 PST"]
[Termination "BogdanDeac won by resignation"]

1. Nf3 d5 2. g3 Nf6 3. Bg2 e6 4. O-O Be7 5. d3 O-O 6. Nbd2 a5 7.
e4 a4 8. a3 c5 9. Re1 Nc6 10. e5 Nd7 11. Nf1 f6 12. exf6 Nxf6 13. h3 Bd6 14. N1h2 e5 15. Nh4 Be6 16. Ng4 Qd7 17.
Nxf6+ Rxf6 18. Bg5 Rf7 19. c4 dxc4 20. dxc4 Nd4 21. Be3 Bxh3 22. Bd5 Be6 23. Bxd4 cxd4 24. Bxe6 Qxe6 25. Qxd4 Raf8 26. Rad1 Bc7 27. Rd2 Qa6 28. Qe4 Ba5 29. Ree2 Bxd2 30. Rxd2 Qb6 31. Qe2 e4 32.
Qe1 e3 33. Qxe3 Qxe3 34. fxe3 Rf1+ 35. Kg2 g5 0-1

[Event "*** Titled Tuesday Blitz"]
[Site "Chess.com"]
[Date "2020.11.03"]
[Round "8"]
[White "DryCounty"]
[Black "Oligan22"]
[Result "1-0"]
[WhiteElo "2566"]
[BlackElo "2403"]
[TimeControl "180+1"]
[EndTime "11:32:08 PST"]
[Termination "DryCounty won by resignation"]

1. e4 c5 2. Nf3 e6 3. d4 cxd4 4. Nxd4 Nc6 5. Nc3 a6 6. g3 Nf6 7. Bg2 d6 8. O-O Bd7 9. a4 Be7 10. Nb3 O-O 11. f4 Rc8 12. Kh1 Qc7 13. Be3 Rfd8 14. a5 Qb8 15. Bb6 Rf8 16. g4 Ne8 17. g5 g6 18. Qd2 Ng7 19. Rad1 Nb4 20. e5 d5 21. Qf2 Nf5 22. Bc5 Bxc5 23. Nxc5 Bb5 24.
Nxb5 axb5 25. c3 Nc6 26. b4 Rfd8 27. Bh3 b6 28. axb6 Qxb6 29. Bxf5 exf5 30. Nb3 Qxf2 31. Rxf2 Ne7 32. Rd3 Rc4 33. Nd4 Rb8 34. Ra2 Nc6 35.
Ne2 Rd8 36. Rad2 Re4 37. Kg2 Ne7 38. Kf3 Kf8 39. Nd4 Rb8 40. Ra2 Ke8 41. Ra7 Rc8 42.
Nxb5 Rcc4 43. Nd6+ Kf8 44. Nxc4 Rxc4 45. b5 Nc8 46. Ra8 Ke7 47. Ke3 Nb6 48. Ra6 Ke6 49. Rxb6+ 1-0

[Event "*** Titled Tuesday Blitz"]
[Site "Chess.com"]
[Date "2020.11.03"]
[Round "8"]
[White "Nikolaj_6"]
[Black "GM_Huschenbeth"]
[Result "1-0"]
[WhiteElo "2546"]
[BlackElo "2376"]
[TimeControl "180+1"]
[EndTime "11:32:11 PST"]
[Termination "Nikolaj_6 won on time"]

1. e4 e5 2. Nf3 Nc6 3. Bb5 a6 4. Ba4 d6 5. c3 Bd7 6. d4 g6 7. O-O Bg7 8. dxe5 dxe5 9. Be3 Nf6 10. Bc5 Nxe4 11. Ba3 Nd6 12. Bxd6 cxd6 13. Qxd6 Qe7 14. Qc7 b5 15. Bb3 O-O 16. Rd1 Ra7 17. Qb6 Bh6 18. Rd5 Rb8 19. Qc5 Qxc5 20. Rxc5 e4 21. Ne5 Nxe5 22.
Rxe5 Bc6 23. Na3 Rd7 24. Rc5 Ba8 25. Nc2 Bf8 26. Rg5 h6 27. Rxg6+ Kh7 28. Rxa6 Bg7 29.
Ne3 Rbd8 30. h4 Bb7 31. Rb6 Ba8 32. Rxb5 Bf8 33. a4 Rd2 34. Bxf7 Be7 35. g3 Rf8 36. Rf5 Rxb2 37. a5 Kg7 38. Be6 Rd8 39. Rf7+ 1-0

[Event "*** Titled Tuesday Blitz"]
[Site "Chess.com"]
[Date "2020.11.03"]
[Round "8"]
[White "Kristina_Kim"]
[Black "Maxim_e2e4"]
[Result "1-0"]
[WhiteElo "2197"]
[BlackElo "2351"]
[TimeControl "180+1"]
[EndTime "11:32:11 PST"]
[Termination "Kristina_Kim won on time"]

1. c4 e5 2. g3 Nc6 3. Bg2 Bc5 4. Nf3 d6 5. O-O h5 6. e3 Bg4 7. h3 Bxf3 8. Bxf3 f5 9. Bxh5+ Kf8 10. d4 exd4 11. exd4 Bxd4 12. h4 Nge7 13. Nc3 g6 14. Bf3 Be5 15. Bg5 Qd7 16. Re1 Kg7 17. Nd5 Nxd5 18. Bxd5 Rhe8 19. Qd2 Rab8 20. Kg2 Ne7 21. Bf3 Ng8 22. Rh1 Nf6 23. h5 gxh5 24. Bxf6+ Bxf6 25. Rxh5 Rh8 26. Rah1 Qe6 27. Bd5 Qe5 28. Rxh8 Rxh8 29. Rxh8 1-0

[Event "*** Titled Tuesday Blitz"]
[Site "Chess.com"]
[Date "2020.11.03"]
[Round "8"]
[White "AryanTari"]
[Black "TorFredrikKaasen"]
[Result "0-1"]
[WhiteElo "2877"]
[BlackElo "2720"]
[TimeControl "180+1"]
[EndTime "11:32:12 PST"]
[Termination "TorFredrikKaasen won by resignation"]

1. b3 d5 2. Bb2 Bf5 3. e3 Nf6 4.
Nf3 e6 5. d4 h6 6. Bd3 Bxd3 7.
Qxd3 Be7 8. Qb5+ Nbd7 9. Qxb7 O-O 10. Qa6 c5 11. O-O c4 12. bxc4 Rb8 13. Ba3 dxc4 14. Bxe7 Qxe7 15. Qxc4 Rfc8 16. Qd3 e5 17. Nfd2 exd4 18.
exd4 Nd5 19. c4 Nf4 20. Qe3 Ne2+ 21. Kh1 Qxe3 22. fxe3 Re8 23. Nf3 Rxe3 24. Nbd2 Rbe8 25. Rab1 Rc3 26. Rb7 Nf6 27. Rxa7 Rd3 28. Re1 Rxd2 29. Nxd2 Ng3+ 30. hxg3 Rxe1+ 31. Kh2 Ng4+ 32. Kh3 Nf2+ 0-1

[Event "*** Titled Tuesday Blitz"]
[Site "Chess.com"]
[Date "2020.11.03"]
[Round "8"]
[White "tteshan"]
[Black "Michaelson_11"]
[Result "1-0"]
[WhiteElo "2356"]
[BlackElo "2147"]
[TimeControl "180+1"]
[EndTime "11:32:12 PST"]
[Termination "tteshan won by checkmate"]

1. e4 c5 2. c3 Nf6 3. e5 Nd5 4. Nf3 Nc6 5. d4 cxd4 6. cxd4 e6 7. Bc4 d6 8. Qe2 Nb6 9. Bb5 Bd7 10. O-O a6 11. Bxc6 Bxc6 12. Nc3 Ke7 13. Bg5+ f6 14.
exf6+ gxf6 15. Bh4 Bg7 16. Rfe1 Qd7 17. Rad1 Kf7 18.
Qd3 Nd5 19. Ne4 Nf4 20. Qe3 Ng6 21. Bg3 h5 22. Nxd6+ Kf8 23. h3 h4 24. Bh2 Bd5 25.
Qa3 Kg8 26. Rc1 Bf8 27. Qd3 Rh6 28. Ne4 Qg7 29. Rc7 Ne7 30. Nc3 Bxf3 31. Qxf3 Rg6 32. Rxe6 Rc8 33. Rexe7 Rxc7 34. Rxg7+ Rcxg7 35. Nd5 f5 36. Be5 Rf7 37. Qh5 Re6 38. Qh8# 1-0

[Event "*** Titled Tuesday Blitz"]
[Site "Chess.com"]
[Date "2020.11.03"]
[Round "8"]
[White "MIJuanReyesRosa"]
[Black "Vi_Los"]
[Result "0-1"]
[WhiteElo "2126"]
[BlackElo "2324"]
[TimeControl "180+1"]
[EndTime "11:32:12 PST"]
[Termination "Vi_Los won on time"]

1. d4 Nf6 2. Nf3 d5 3. c4 e6 4.
Nc3 Bb4 5. cxd5 exd5 6. Bg5 h6 7. Bxf6 Qxf6 8. e3 O-O 9. Be2 c5 10. O-O Be6 11. Qb3 Bxc3 12. bxc3 b6 13. Ne5 Qe7 14. a4 Nd7 15. Nxd7 Qxd7 16. a5 Rab8 17. axb6 axb6 18. Qa4 Qd6 19. Rfb1 f5 20. Bf3 f4 21. Qa6 fxe3 22. fxe3 Qe7 23. Qe2 c4 24. Ra6 Qc7 25. Bg4 Bf7 26. Qe1 b5 27. Qh4 Rb6 28. Rxb6 Qxb6 29. Bf3 Qe6 30. Qg3 Qxe3+ 31. Kh1 Qxc3 32. Rf1 Qxd4 0-1

[Event "*** Titled Tuesday Blitz"]
[Site "Chess.com"]
[Date "2020.11.03"]
[Round "8"]
[White "Zhigalko_Sergei"]
[Black "elohunter1999"]
[Result "1-0"]
[WhiteElo "2919"]
[BlackElo "2538"]
[TimeControl "180+1"]
[EndTime "11:32:13 PST"]
[Termination "Zhigalko_Sergei won by resignation"]

1. e4 Nf6 2. e5 Nd5 3. d4 d6 4. Nf3 dxe5 5. Nxe5 c6 6. Be2 Bf5 7. O-O Nd7 8. Nf3 e6 9. c4 N5f6 10. Bf4 Be7 11. Nc3 O-O 12. h3 Ne4 13. Re1 Qa5 14. Nxe4 Bxe4 15. Bf1 Bxf3 16. Qxf3 Bf6 17. Red1 e5 18.
dxe5 Nxe5 19. Qg3 Ng6 20. Bc7 Qh5 21. Qb3 b6 22. Re1 Rac8 23. Bd6 Rfe8 24. c5 bxc5 25. Bc4 Ne5 26. Bxe5 Bxe5 27. Qb7 Bd4 28. Re7 Bxf2+ 29. Kh1 Rb8 30. Qxa7 Ra8 31. Qb7 Rab8 32. Bxf7+ Qxf7 33. Rxf7 Rxb7 34. Rxb7 Bd4 35. a4 h5 36. a5 c4 37. a6 c3 38. bxc3 Bxc3 39. Rab1 Bd4 40.
Rb8 1-0

[Event "*** Titled Tuesday Blitz"]
[Site "Chess.com"]
[Date "2020.11.03"]
[Round "8"]
[White "Mikasinski"]
[Black "GregShahade"]
[Result "0-1"]
[WhiteElo "2455"]
[BlackElo "2641"]
[TimeControl "180+1"]
[EndTime "11:32:13 PST"]
[Termination "GregShahade won by resignation"]

1. e4 e5 2. Nf3 Nc6 3. Nc3 Nf6 4. Bb5 Nd4 5. Ba4 c6 6. Nxe5 d6 7. Nf3 Bg4 8. h3 Bxf3 9. gxf3 Nd7 10. f4 a5 11. Bb3 Nc5 12. a4 Ndxb3 13. cxb3 Nd3+ 14. Kf1 Qh4 15. Qf3 Nxf4 16. d4 Ne6 17. Be3 Be7 18.
Rd1 O-O 19. Rg1 Bg5 20. Rg4 Qh6 21. d5 Bxe3 22. fxe3 Nc5 23. e5 dxe5 24. Rc4 Nxb3 25. dxc6 bxc6 26. Rxc6 Qh4 27. Ne4 Rad8 28. Rcd6 Rxd6 29.
Rxd6 Qe7 30. Rd5 Qb4 31. Rb5 Qxe4 32. Qe2 Qb1+ 33. Kg2 Nc1 34. Qd1 Qg6+ 35. Kh2 Nd3 36. Rd5 e4 37. Rxa5 Qd6+ 38. Kh1 Nf2+ 0-1

[Event "*** Titled Tuesday Blitz"]
[Site "Chess.com"]
[Date "2020.11.03"]
[Round "8"]
[White "Vesper2018"]
[Black "SanchezKelvin"]
[Result "1-0"]
[WhiteElo "2620"]
[BlackElo "2427"]
[TimeControl "180+1"]
[EndTime "11:32:16 PST"]
[Termination "Vesper2018 won by checkmate"]

1. e4 c5 2. Nc3 Nc6 3. Bb5 Nd4 4. Bc4 g6 5. Nf3 Bg7 6. Nxd4 cxd4 7. Qf3 e6 8. Ne2 Ne7 9. d3 O-O 10. O-O Rb8 11. Qg3 d6 12. Qh4 b5 13. Bb3 Nc6 14.
Bg5 f6 15. Bh6 g5 16. Qh5 Qe8 17. Qh3 a5 18. a4 bxa4 19. Bxg7 Kxg7 20. Bxa4 e5 21.
Qg3 Kh8 22. Bb3 Be6 23. Ba4 Rxb2 24. Nxd4 exd4 25. Qxd6 Bd7 26. Bxc6 Bxc6 27. Rxa5 Qd8 28. Qa3 Rb8 29. Ra1 Rf7 30. h3 Rfb7 31. Kh2 Qc7+ 32. g3 Rb2 33. Qc5 Qb6 34. Qe7 Be8 35.
Ra6 Qd8 36. Qf8# 1-0

[Event "*** Titled Tuesday Blitz"]
[Site "Chess.com"]
[Date "2020.11.03"]
[Round "8"]
[White "Ariadna_Atreides"]
[Black "gumimis"]
[Result "0-1"]
[WhiteElo "2098"]
[BlackElo "2238"]
[TimeControl "180+1"]
[EndTime "11:32:16 PST"]
[Termination "gumimis won on time"]

1. d4 Nf6 2. Nf3 g6 3. c4 Bg7 4.
Nc3 O-O 5. e4 d6 6. Be2 Na6 7.
O-O e5 8. Re1 Qe8 9. Bf1 Bg4 10.
d5 Bxf3 11. Qxf3 Nb4 12. Qd1 a5 13. a3 Na6 14. Rb1 Nd7 15. b4 axb4 16. axb4 f5 17. f3 Qf7 18. Be3 Nf6 19. c5 fxe4 20. Nxe4 Nxe4 21.
fxe4 h5 22. Be2 Kh7 23. c6 bxc6 24. dxc6 Bh6 25. Bxh6 Kxh6 26. Rf1 Qe7 27. Qd2+ Kh7 28. Rxf8 Qxf8 29. Ra1 Qb8 30. Kf1 Qb6 31. Rxa6 Rxa6 32. Bxa6 Qxa6+ 33. Kf2 Qxc6 34. Kf3 Qc4 35. Qd5 Qxd5 36.
exd5 g5 37. Ke4 Kg6 38. g3 g4 39. b5 Kg5 40. Ke3 Kf5 0-1

[Event "*** Titled Tuesday Blitz"]
[Site "Chess.com"]
[Date "2020.11.03"]
[Round "8"]
[White "IngOscarArdila"]
[Black "natelleka"]
[Result "1-0"]
[WhiteElo "2127"]
[BlackElo "2195"]
[TimeControl "180+1"]
[EndTime "11:32:16 PST"]
[Termination "IngOscarArdila won on time"]

1. d4 d5 2. c4 c5 3. cxd5 Qxd5 4. Nf3 cxd4 5. Qxd4 Qxd4 6. Nxd4 Bd7 7. Nc3 e5 8.
Ndb5 Na6 9. e4 Nf6 10. Be3 Bb4 11. O-O-O O-O 12. f3 Bc5 13. Bxc5 Nxc5 14. Bc4 Bc6 15. b4 Ne6 16. Bxe6 fxe6 17. Nd6 Rfd8 18. b5 Be8 19. Rd2 b6 20. Rhd1 Bg6 21. Kb2 Kf8 22. a4 Ke7 23. Nc4 Rxd2+ 24. Rxd2 Rc8 25. Nxe5 Be8 26. Ne2 Rc5 27. Nd3 Rc4 28. Kb3 Rc8 29. Nd4 Rd8 30. Ne5 Rc8 31. Ndc6+ Kf8 32. Nxa7 Rc1 33.
Nac6 Rb1+ 34. Ka2 Rg1 35. g3 Rh1 36. a5 bxa5 37. b6 Bxc6 38. Nxc6 1-0

[Event "*** Titled Tuesday Blitz"]
[Site "Chess.com"]
[Date "2020.11.03"]
[Round "8"]
[White "InitiatingASC"]
[Black "AmirBagheri78"]
[Result "0-1"]
[WhiteElo "2401"]
[BlackElo "2583"]
[TimeControl "180+1"]
[EndTime "11:32:18 PST"]
[Termination "AmirBagheri78 won by resignation"]

1. d4 Nf6 2. c4 e6 3. Nc3 Bb4 4.
e3 c5 5. Bd3 Nc6 6. Ne2 O-O 7.
O-O d5 8. a3 Bxc3 9. Nxc3 dxc4 10. Bxc4 cxd4 11. exd4 Qxd4 12. Qe2 e5 13. Rd1 Qg4 14.
f3 Qh5 15. Nd5 Nxd5 16. Bxd5 Nd4 17. Qf2 Rd8 18. Be4 Bf5 19. Bxb7 Nxf3+ 20. Bxf3 Rxd1+ 21. Bxd1 Qxd1+ 22. Qf1 Qxf1+ 23. Kxf1 a5 24. Bd2 a4 25. Rc1 Be6 26. Ke2 f6 27. Rc7 Bb3 28. Rd7 Rc8 29. Bc3 h5 30. h4 Rc4 31. g3 Kh7 32.
Ke3 Rg4 33. Kf2 Kg6 34. Bd2 Kf5 35. Rc7 g6 36. Be3 Re4 37. Rc6 Bd1 38. Rc1 Bg4 39.
Rc6 g5 40. hxg5 fxg5 41. Rc7 h4 42. gxh4 gxh4 43. Rf7+ Ke6 44. Rh7 h3 45. Bc5 Rc4 46.
Bb4 Bf5 47. Rh6+ Kd5 48. Bc3 Rf4+ 49. Kg3 Rg4+ 50. Kf3 Rg2 51. Rh5 Bg4+ 0-1

[Event "*** Titled Tuesday Blitz"]
[Site "Chess.com"]
[Date "2020.11.03"]
[Round "8"]
[White "Quiet_Desperation"]
[Black "levallem"]
[Result "0-1"]
[WhiteElo "1829"]
[BlackElo "2238"]
[TimeControl "180+1"]
[EndTime "11:32:19 PST"]
[Termination "levallem won by resignation"]

1. Nf3 d5 2. b3 c5 3. Bb2 Nc6 4. e3 Nf6 5. Be2 Bg4 6. O-O e6 7. d4 Rc8 8. Nbd2 Bd6 9. dxc5 Bxc5 10. h3 Bh5 11. a3 O-O 12. b4 Be7 13. Rc1 Qd7 14.
b5 Na5 15. g4 Bg6 16. Ne5 Qd6 17. h4 h6 18. Nxg6 fxg6 19. c4 Rfd8 20. Bd4 Qxa3 21. Bxa7 Nxc4 22. Ra1 Qb4 23. Nxc4 dxc4 24. Qb1 Rd2 25.
Bf3 Qxb1 26. Raxb1 Nd5 27. Rfc1 c3 28. Bd4 c2 29.
Rb3 Bxh4 30. e4 Nf4 31. Be3 Bxf2+ 32. Bxf2 Nd3 33. Rxd3 Rxd3 34. Kg2 Rb3 35. e5 Rxb5 36. Be4 Rb2 37. Bxg6 b5 38. Bd4 Ra2 39. Kf2 b4 40.
Ke2 b3 41. Kd2 b2 42. Bxb2 Rxb2 43. Rxc2 Rbxc2+ 44. Bxc2 Rc5 0-1

[Event "*** Titled Tuesday Blitz"]
[Site "Chess.com"]
[Date "2020.11.03"]
[Round "8"]
[White "talyamania"]
[Black "Goryachkina"]
[Result "0-1"]
[WhiteElo "2360"]
[BlackElo "2591"]
[TimeControl "180+1"]
[EndTime "11:32:20 PST"]
[Termination "Goryachkina won on time"]

1. e4 c5 2. Nf3 d6 3. d4 cxd4 4. Nxd4 Nf6 5. Nc3 e5 6. Nde2 Be7 7. Bg5 Be6 8. Bxf6 Bxf6 9. h3 O-O 10. g4 Nc6 11. Bg2 Rc8 12. O-O Nd4 13. Nxd4 exd4 14. Nd5 Bxd5 15. exd5 Qb6 16. Rb1 Rc5 17. Re1 Rfc8 18.
Qd3 g6 19. Qf3 Qd8 20. c3 dxc3 21. bxc3 Rxc3 22. Re3 Rc1+ 23. Re1 Rxb1 24. Rxb1 b6 25. Qa3 Qe7 26. Rc1 Re8 27. Qf3 Bd4 28. Bf1 Bc5 29. Bb5 Rf8 30. Bd3 f5 31. Rf1 fxg4 32. Qxg4 Rxf2 33.
Kh1 Rxf1+ 34. Bxf1 Kg7 35. Qe6 Qxe6 36. dxe6 d5 37.
h4 Kf6 38. Bh3 Bf2 39. h5 gxh5 40. Kg2 Bc5 41. Kf3 b5 42. Ke2 b4 43. Kd3 a5 44.
Kc2 a4 45. Kd3 h4 0-1

[Event "*** Titled Tuesday Blitz"]
[Site "Chess.com"]
[Date "2020.11.03"]
[Round "8"]
[White "Bastiandash"]
[Black "Tomekas1"]
[Result "0-1"]
[WhiteElo "2344"]
[BlackElo "2462"]
[TimeControl "180+1"]
[EndTime "11:32:20 PST"]
[Termination "Tomekas1 won by checkmate"]

1. d4 d5 2. Nf3 Nf6 3. c3 Bf5 4. Bg5 e6 5. e3 h6 6. Bh4 Nbd7 7. Nbd2 Be7 8. Be2 Ne4 9. Bxe7 Qxe7 10. O-O O-O 11.
Nxe4 Bxe4 12. Nd2 Bh7 13. Nf3 c5 14. Bd3 Bxd3 15. Qxd3 c4 16. Qe2 Nf6 17. Nd2 e5 18.
dxe5 Qxe5 19. Nf3 Qe7 20. Rfd1 Rfd8 21. a4 a5 22. Nd4 Ne4 23. Qg4 Nc5 24. Nf5 Qe5 25.
Nxh6+ Kf8 26. Nf5 Nd3 27. Rd2 g6 28. Nd4 Ra6 29. Rad1 Rb6 30. Nb5 Nc5 31. Qd4 Qxd4 32. Rxd4 Nxa4 33. Rxd5 Rxd5 34. Rxd5 Nxb2 35. Na3 Rb3 36.
Rxa5 Rxc3 37. g3 Nd3 38. Nb5 Rc1+ 39. Kg2 Rb1 40. Nd4 Rb2 41. Ra8+ Kg7 42. Rc8 b5 43. Kh3 Nxf2+ 44. Kh4 Ne4 45. Rc7 Rxh2+ 46. Kg4 Rf2 47.
Ne6+ Kf6 48. Nf4 Rb2 49. Nd5+ Ke5 50. Ne7 f5+ 51. Kh4 Rh2# 0-1

[Event "*** Titled Tuesday Blitz"]
[Site "Chess.com"]
[Date "2020.11.03"]
[Round "8"]
[White "maicolbenavides"]
[Black "sboshaon21"]
[Result "1-0"]
[WhiteElo "2182"]
[BlackElo "2014"]
[TimeControl "180+1"]
[EndTime "11:32:20 PST"]
[Termination "maicolbenavides won by resignation"]

1. e4 e5 2. Nf3 Nc6 3. Bc4 Be7 4. Nc3 Nf6 5. d4 d6 6. h3 O-O 7. O-O Re8 8. Re1 Bf8 9. Bg5 Be7 10. Qe2 exd4 11.
Nb5 h6 12. Bh4 Nh5 13. Bxe7 Qxe7 14. Nfxd4 Nf4 15. Qf3 Qe5 16. Nxc6 bxc6 17. Nxc7 Bd7 18. Nxa8 Rxa8 19. Rad1 Rb8 20. b3 Re8 21. Qg3 Re7 22.
Re3 Kh7 23. Rf3 g5 24. h4 f6 25. hxg5 fxg5 26. Qh2 d5 27. Bd3 dxe4 28. Re1 Qc3 29. Rfe3 Qc5 30. Bxe4+ Kg7 31. g3 Ne6 32. Qg2 Nd4 33.
Bd3 Rf7 34. Qe4 Nf3+ 35. Rxf3 1-0